 Dungeon Crawl Stone Soup version 0.31-a0-1074-g0b22e4e0f1 (webtiles) character file.

Game seed: 12366634690097410306

588 lunkers the Martial Artist (level 7, 0/52 HPs)
             Began as a Meteoran Shapeshifter on Nov 29, 2023.
             Was a Follower of Ashenzari.
             Slain by a gnoll
             ... wielding a +0 spear
              (1 damage)
             ... on level 4 of the Dungeon.
             The game lasted 00:04:24 (1419 turns).

lunkers the Martial Artist (Meteoran Shapeshifter)  Turns: 1419, Time: 00:04:25

Health: 0/52       AC:  5    Str: 15    XL:     7   Next: 98%
Magic:  8/8        EV: 11    Int: 11    God:    Ashenzari [*.....]
Gold:   120        SH:  0    Dex: 17    Spells: 6/6 levels left

rFire   . .          .
                       - Unarmed
rCold   . . .        (no shield)
rNeg    . . .        f - +0 ring mail of Ashenzari's Stars {Elem, Alch} (curse)
rPois   .            (helmet currently unavailable)
rElec   .            (cloak currently unavailable)
rCorr   .            (gloves currently unavailable)
SInv    .            (boots currently unavailable)
Will    +....        (no amulet)
Stlth   +            g - ring of Ashenzari's Sorrow {Will+, Melee, Range} (curse)
HPRegen 0.28/turn    (no ring)
MPRegen 0.11/turn

%: no passive effects
@: beast-form, glowing
A: beast (slay +3), sense surroundings 1, otherworldly, glowing, explore regen
a: Begin Untransformation, Renounce Religion, Curse Item, Shatter the Chains


You were on level 4 of the Dungeon.
You worshipped Ashenzari.
Ashenzari was aware of your devotion.
You were a hulking beast.
You visited 1 branch of the dungeon, and saw 4 of its levels.

You collected 120 gold pieces.

Inventory:

Armour
 a - a +0 animal skin
 f - the cursed +0 ring mail of Ashenzari's Stars (worn) {Elem, Alch}
   (You found it on level 1 of the Dungeon)

   It has a curse which improves the following skills: Elements: Fire Magic, Ice
   Magic, Air Magic and Earth Magic.
   Alchemy:   Poison Magic and Transmutations.
 i - a +0 helmet
Jewellery
 g - the cursed ring of Ashenzari's Sorrow (left hand) {Will+, Melee, Range}
   (You found it on level 1 of the Dungeon)

   [ring of willpower]

   Will+:     It increases your willpower.
   It has a curse which improves the following skills: Melee Combat: Short
   Blades, Long Blades, Axes, Maces & Flails, Polearms, Staves and Unarmed
   Combat.
   Ranged Combat: Ranged Weapons and Throwing.
Talismans
 c - a beast talisman
 d - a flux talisman
Scrolls
 j - 2 scrolls of identify
 m - a scroll of enchant armour
 p - a scroll of teleportation
Potions
 e - a potion of curing
 h - 4 potions of haste
 k - a potion of invisibility
 l - 2 potions of attraction
 n - 2 potions of enlightenment
 o - a potion of magic


   Skills:
 - Level 1.1 Fighting
 - Level 2.1 Dodging
 * Level 8.4(9.2) Unarmed Combat
 + Level 6.1 Shapeshifting


You had 6 spell levels left.
You didn't know any spells.
Your spell library contained the following spells:

 Spells                   Type           Power      Damage    Failure   Level
 Sublimation of Blood     Necr           0%         N/A       71%         2
 Wereblood                Tmut           0%         N/A       71%         2
 Ozocubu's Armour         Ice            0%         N/A       91%         3
 Metabolic Englaciation   Hex/Ice        0%         N/A       100%        5
 Simulacrum               Ice/Necr       0%         N/A       100%        6
 Summon Hydra             Summ           0%         N/A       100%        7


Dungeon Overview and Level Annotations

Branches:
Dungeon (4/15) Zot: 1005
 Temple: D:4-7

Altars:
Ashenzari


Innate Abilities, Weirdness & Mutations

You are a hulking beast.
Your limbs bulge with bestial killing power. (Slay +3)
You passively map a small area around you.
You are easily found by Zot.
You glow in the dark.
You regain HP and MP as you explore.


Message History

You barely miss the orc. Your punch misses the orc.
The orc is severely wounded.
The orc hits you but does no damage. x2
You smack the orc!
You kill the orc!
The gnoll hits you but does no damage. The orc hits you but does no damage.
You closely miss the orc.
The orc is severely wounded.
Your transformation is almost over.
You hit the orc.
You kill the orc!
The gnoll hits you but does no damage.
You cannot move.
You cannot move.
The gnoll hits you from afar with a +0 spear.
* * * LOW HITPOINT WARNING * * *
You cannot move.
The gnoll hits you but does no damage.
Unknown command.
The gnoll hits you but does no damage.
Unknown command.
The gnoll hits you but does no damage.
Unknown command.
The gnoll hits you but does no damage.
Unknown command.
The gnoll hits you but does no damage.
Unknown command.
The gnoll barely misses you.
Unknown command.
You feel less wooden.
The cursed +0 ring mail of Ashenzari's Stars {Elem, Alch} unmelds from your body.
You turn into a hulking beast.
The gnoll hits you from afar with a +0 spear.
* * * LOW HITPOINT WARNING * * *
Unknown command.
The gnoll hits you with a +0 spear.
* * * LOW HITPOINT WARNING * * *
Items here: $ ))) [[ ††.
You hit the gnoll but do no damage. The gnoll hits you with a +0 spear.
You die...

#####..####^..
..)†.......... ,,
~~~~....~~~~~~ ~ ,
≈≈≈~....~≈≈≈≈≈~ ~ ~~ ~
~~~~....~~~~~≈ * ~~
.............., , ,,
####''''############# ,
*~ ,
#....#....).))...#'# ,
,#....###.##†#h.....#
#....#....#.#g))^###
~~~
#....#########''##.# ~
#....#.))..........# ~
, ,
,+....'..8#.........#,~
, +....'..8#..##')##.#
, #8..8#......#....###
~
**#############......#
, .......'....#)###~~


You could see a gnoll.

Vanquished Creatures
  An ogre (D:4)
  3 howler monkeys (D:4)
  A hound (D:4)
  2 orc priests (D:3)
  4 orc wizards
  7 gnolls (D:4)
  5 adders
  A worm (D:4)
  A dart slug (D:3)
  19 orcs
  7 ball pythons
  5 endoplasms
  2 goblins (D:2)
  2 hobgoblins
  8 jackals
  5 kobolds
  2 quokkas (D:2)
  2 bats
  4 frilled lizards
  3 rats
84 creatures vanquished.

Vanquished Creatures (others)
  An orc wizard (D:3)
1 creature vanquished.

Grand Total: 85 creatures vanquished

Notes
Turn   | Place    | Note
-------+----------+-------------------------------------------
     0 | D:1      | lunkers the Meteoran Shapeshifter began the quest for the
                  | Orb.
     0 | D:1      | Reached XP level 1. HP: 16/16 MP: 2/2
   157 | D:1      | Found a faded altar of an unknown god.
   172 | D:1      | Prayed at the altar of an unknown god.
   172 | D:1      | Became a worshipper of Ashenzari the Shackled
   210 | D:1      | Reached skill level 4 in Unarmed Combat
   210 | D:1      | Reached XP level 2. HP: 15/23 MP: 3/3
   278 | D:1      | Reached XP level 3. HP: 14/28 MP: 4/4
   394 | D:2      | Found a broken altar of Ashenzari.
   470 | D:2      | Reached XP level 4. HP: 32/35 MP: 5/5
   512 | D:2      | Reached skill level 5 in Unarmed Combat
   599 | D:3      | Reached XP level 5. HP: 33/40 MP: 6/6
   711 | D:3      | Reached * piety under Ashenzari
   726 | D:3      | Reached skill level 6 in Unarmed Combat
   769 | D:3      | Reached XP level 6. HP: 47/47 MP: 7/7
  1052 | D:3      | Reached skill level 5 in Shapeshifting
  1180 | D:4      | Reached skill level 7 in Unarmed Combat
  1293 | D:4      | Reached XP level 7. HP: 43/52 MP: 8/8
  1376 | D:4      | HP: 2/78 [howler monkey (5)]
  1381 | D:4      | Reached skill level 8 in Unarmed Combat
  1417 | D:4      | Identified the cursed +0 ring mail of Ashenzari's Stars
                  | {Elem, Alch} (You found it on level 1 of the Dungeon)
  1418 | D:4      | HP: 1/52 [gnoll/+0 spear (4)]
  1419 | D:4      | Slain by a gnoll

Illustrated notes

Levels and vault maps discovered:
D:1:      roderic_octagonal_star, layout_loops_ring,
          ebering_ecumenical_altar_mist, minmay_tetromino_l4
D:2:      layout_basic, basic_altar, minmay_lizard_pond
D:3:      layout_loops_ring, wander_ebering_terrifying_dragon_lair
D:4:      lemuel_castle_with_subvaults [lemuel_castle_interior_carwin_2],
          layout_basic, minmay_gold_behind_fungi

Skill      XL: |  1  2  3  4  5  6  7 |
---------------+----------------------+-----
Unarmed Combat | 4 5 6 7 8 |  8.4
Shapeshifting  | 4 5 6 |  6.1
Fighting       | |  1.1
Dodging        | |  2.1

Action                     |  1- 3 |  4- 6 |  7- 9 || total
---------------------------+-------+-------+-------++-------
  Melee: Unarmed           |    55 |   103 |    46 ||   204
         Punch             |     1 |     2 |     2 ||     5
 Invoke: Curse Item        |     1 |     1 |       ||     2
    Use: Scroll            |     2 |     3 |       ||     5
         Potion            |       |       |     1 ||     1
 Armour: Ring mail         |    28 |    55 |    22 ||   105
         Animal skin       |     3 |       |       ||     3
         Skin              |       |       |    40 ||    40
  Dodge: Dodged            |    41 |    48 |    14 ||   103

Table legend: (Time is in decaauts)
 A = Elapsed time spent in this place.
 B = Non-inter-level travel time spent in this place.
 C = Inter-level travel time spent in this place.
 D = Time resting spent in this place.
 E = Time spent auto-exploring this place.
 F = Levels seen in this place.
 G = Mean time per level.
                   A        B        C        D        E       F      G
               +--------+--------+--------+--------+--------+-----+--------+
         Total |   1393 |   1368 |     25 |     12 |    870 |   4 |  348.2 |
       Dungeon |   1393 |   1368 |     25 |     12 |    870 |   4 |  348.2 |
               +--------+--------+--------+--------+--------+-----+--------+

Top non-repeatable levels by time:
     D:3: 491 daAuts
     D:1: 364 daAuts
     D:4: 329 daAuts
     D:2: 208 daAuts
